 Dungeon Crawl Stone Soup version 0.27.1-33-g824d729ab1 (webtiles) character file.

Game seed: 185864609232458555

7770 Anomally the Thaumaturge (level 11, -9/54 HPs)
             Began as a Deep Elf Conjurer on Dec 9, 2021.
             Was a Believer of Vehumet.
             Killed by an exploding fulminant prism (29 damage)
             ... on level 1 of the Lair of Beasts.
             The game lasted 02:54:54 (13482 turns).

Anomally the Thaumaturge (Deep Elf Conjurer)       Turns: 13482, Time: 02:54:54

Health: -9/54      AC: 15    Str:  4    XL:     11   Next: 1%
Magic:  13/30      EV: 14    Int: 27    God:    Vehumet [**....]
Gold:   582        SH:  0    Dex: 13    Spells: 24/36 levels left

rFire    + . .     SeeInvis .   e - +0 hunting sling
rCold    + + .     Faith    .   (no shield)
rNeg     . . .     Spirit   .   T - +0 steam dragon scales
rPois    .         Reflect  .   u - +2 hat
rElec    .         Harm     .   R - scarf {rC+ rF+}
rCorr    .         Rampage  .   F - +0 pair of gloves
Will     +....                  G - +2 pair of boots {Fly}
Stlth    ++........             Q - amulet of regeneration
HPRegen  1.18/turn              l - ring of protection from cold
MPRegen  0.22/turn              M - +4 ring of protection

@: flying
A: no striking features
a: Renounce Religion


You were on level 1 of the Lair of Beasts.
You worshipped Vehumet.
Vehumet was pleased with you.
You visited 3 branches of the dungeon, and saw 11 of its levels.
You also visited: Sewer.

You collected 582 gold pieces.

Inventory:

Hand Weapons
 d - a +3 dagger of venom
 e - a +0 hunting sling (weapon)
 r - a +1 vorpal spear
 v - a +0 dagger of draining
 L - a +1 flail of protection
 N - a +2 whip of flaming
 P - a +4 trident
 W - a +3 hand axe
Missiles
 b - 24 sling bullets (quivered ammo)
 o - 22 poisoned darts
 C - 2 throwing nets
 S - 7 boomerangs
Armour
 a - a +0 robe of positive energy
 u - a +2 hat (worn)
 F - a +0 pair of gloves (worn)
 G - a +2 pair of boots of flying (worn)
 R - a scarf of resistance (worn)
 T - +0 steam dragon scales (worn)
Jewellery
 f - a ring of poison resistance
 i - a +6 ring of dexterity
 l - a ring of protection from cold (left hand)
 K - a ring of fire
 M - a +4 ring of protection (right hand)
 Q - an amulet of regeneration (around neck)
Wands
 k - a wand of charming (10)
 D - a wand of flame (24)
Scrolls
 g - 10 scrolls of identify {unknown}
 h - a scroll of noise {unknown}
 j - 3 scrolls of teleportation {unknown}
 q - a scroll of amnesia {unknown}
 t - a scroll of brand weapon {unknown}
 x - a scroll of enchant weapon {unknown}
 y - a scroll of immolation {unknown}
 A - a scroll of acquirement {unknown}
 I - 2 scrolls of fear {unknown}
 O - a scroll of blinking {unknown}
 V - a scroll of enchant armour {unknown}
Potions
 m - a potion of brilliance
 n - a potion of flight {unknown}
 p - a potion of haste {unknown}
 s - 4 potions of mutation {unknown}
 w - 3 potions of attraction {unknown}
 z - a potion of berserk rage
 B - 2 potions of might {unknown}
 H - 4 potions of curing
 J - 2 potions of degeneration {unknown}
 U - a potion of ambrosia {unknown}


   Skills:
 - Level 1.2 Slings
 + Level 6.3 Dodging
 - Level 2.4 Stealth
 + Level 13.0 Spellcasting
 + Level 11.4 Conjurations
 + Level 3.0 Hexes
 + Level 1.6 Fire Magic
 + Level 3.6 Air Magic
 * Level 6.5 Evocations


You had 24 spell levels left.
You knew the following spells:

 Your Spells              Type           Power      Damage    Failure   Level
a - Magic Dart            Conj           100%       1d8       1%          1
b - Searing Ray           Conj           100%       3d7       1%          2
c - Dazzling Flash        Conj/Hex       100%       N/A       1%          3
d - Fulminant Prism       Conj/Hex       27%        3d14      1%          4
e - Shock                 Conj/Air       100%       1d9       1%          1
f - Foxfire               Conj/Fire      100%       2x1d9     1%          1

Your spell library contained the following spells:

 Spells                   Type           Power      Damage    Failure   Level
 Conjure Flame            Conj/Fire      52%        6-21      1%          3
 Sticky Flame             Conj/Fire      52%        2d7       2%          4
 Iskenderun's Mystic Bla  Conj/Tloc      48%        2d11      3%          4
 Ignite Poison            Fire/Tmut/Pois 20%        N/A       8%          3
 Gell's Gravitas          Tloc           8%         N/A       10%         3
 Lesser Beckoning         Tloc           8%         N/A       10%         3
 Teleport Other           Tloc           17%        N/A       10%         3
 Dispersal                Tloc           8%         N/A       99%         6


Dungeon Overview and Level Annotations

Branches:
Dungeon (9/15)             Temple (1/1) D:4            Lair (1/6) D:8
  Sewer (visited)
    Orc: D:9-12

Altars:
Ashenzari
Dithmenos
Elyvilon
Fedhas
Gozag
Hepliaklqana
Kikubaaqudgha
Makhleb
Nemelex Xobeh
Okawaru
Qazlal
Ru
Sif Muna
Uskayaw
Vehumet
Wu Jian
Xom
Yredelemnul
Zin
The Shining One

Shops:
D:4 (

Annotations:
Lair:1 Urug


Message History

You conjure a prism of explosive energy!
A fulminant prism comes into view.
Your fulminant prism crackles loudly.
Urug throws a silver javelin.
The silver javelin pierces through you!!
Ouch! That really hurt!
* * * LOW HITPOINT WARNING * * *
x2 Your fulminant prism explodes!
The blast of energy engulfs Urug!!
Urug is severely wounded.
You hear a howl! x3
You see here a +0 morningstar.
Okay, then.
Aiming: Fulminant Prism (dangerous; 1% risk of failure)
Press: ? - help, Q - select action, (/) - cycle Dir - move target You conjure a prism of explosive energy!
A fulminant prism comes into view.
You hear a loud crackle.
Your fulminant prism explodes!
Aiming: Fulminant Prism (dangerous; 1% risk of failure)
Press: ? - help, Q - select action, (/) - cycle Dir - move target You conjure a prism of explosive energy!
A fulminant prism comes into view.
There are monsters nearby!
Your fulminant prism crackles loudly.
Your fulminant prism explodes!
The blast of energy engulfs Urug!
Urug is almost dead.
Urug throws a silver javelin.
The silver javelin closely misses you.
You hear a howl! x2
Aiming: Fulminant Prism (dangerous; 1% risk of failure)
Press: ? - help, Q - select action, (/) - cycle Dir - move target You conjure a prism of explosive energy!
A fulminant prism comes into view.
Your fulminant prism crackles loudly.
Urug throws a silver javelin.
The silver javelin barely misses you.
Your fulminant prism explodes!
The blast of energy engulfs you!!
Ouch! That really hurt!
You die...

####.# ### ##...## #.####
### #...## ##...##### ...#
##..## ###)....#####....#
##..#######.....).......#
##.#.##....#....###.......
#.........o#...####..o...
##..#.###........# .....#
###### ##.@.##.....#...#
##.### ###.###... #..#
..###.. #..## ...###.
##...## ##...P#
##.....###....... ##
#...............
##.##............#
#......##.##.....#


You could see Urug.

Vanquished Creatures
  Nergalle (Lair:1)
  Pikel (D:5)
  A manticore (D:8)
  A cane toad (Lair:1)
  A rime drake (Lair:1)
  A komodo dragon (D:8)
  2 polar bears (Lair:1)
  Grinder (D:4)
  2 hornets
  A vampire (D:8)
  A wyvern (Lair:1)
  2 steam dragons
  3 water moccasins
  A black bear (D:7)
  An ice beast (D:6)
  3 orc warriors
  11 wolves (Lair:1)
  3 ogres
  A centaur (D:7)
  4 lemures (D:5)
  Blork the orc (D:5)
  4 bullfrogs
  3 scorpions
  A wyvern skeleton (D:7)
  9 killer bees
  A wight (D:5)
  2 howler monkeys (D:8)
  A crimson imp (D:8)
  A bullfrog zombie (D:5)
  A centaur zombie (D:4)
  5 hounds
  2 bullfrog skeletons
  3 orc priests
  A jelly (D:5)
  2 iguanas
  8 orc wizards
  A killer bee zombie (D:6)
  Robin (D:2)
  10 adders
  7 gnolls
  A river rat (D:3)
  A white imp (D:8)
  An ufetubus (D:6)
  An adder skeleton (D:4)
  2 worms (D:3)
  3 dart slugs
  22 orcs
  4 endoplasms
  3 giant cockroaches
  13 goblins
  7 hobgoblins
  6 quokkas
  5 ball pythons
  12 bats
  2 frilled lizards
  9 kobolds
  7 rats
  A foxfire (Lair:1)
206 creatures vanquished.

Vanquished Creatures (collateral kills)
  A foxfire (Lair:1)
1 creature vanquished.

Vanquished Creatures (others)
  A gnoll shaman (D:8)
  12 demonic plants (D:3)
  24 foxfires (Lair:1)
  17 fulminant prisms
  7 fungi
  18 plants
  13 withered plants (D:3)
92 creatures vanquished.

Grand Total: 299 creatures vanquished

Notes
Turn   | Place    | Note
-------+----------+-------------------------------------------
     0 | D:1      | Anomally the Deep Elf Conjurer began the quest for the Orb.
     0 | D:1      | Reached XP level 1. HP: 10/10 MP: 6/6
   726 | D:1      | Reached XP level 2. HP: 15/15 MP: 2/8
   780 | D:1      | Learned a level 2 spell: Searing Ray
  1368 | D:2      | Reached skill level 5 in Conjurations
  1515 | D:2      | Reached XP level 3. HP: 19/19 MP: 7/9
  1939 | D:2      | Noticed Robin
  1951 | D:2      | Killed Robin
  1952 | D:2      | Reached skill level 4 in Spellcasting
  1983 | D:2      | Reached XP level 4. HP: 21/24 MP: 4/12
  2184 | D:2      | Found a sparkling altar of Nemelex Xobeh.
  2954 | D:3      | Found a glowing drain.
  2989 | Sewer    | Entered a sewer
  3000 | Sewer    | Reached XP level 5. HP: 25/28 MP: 1/13
  3103 | Sewer    | Noticed a water moccasin
  3112 | Sewer    | Killed a water moccasin
  3113 | Sewer    | Reached skill level 1 in Slings
  3113 | Sewer    | Reached skill level 5 in Spellcasting
  3281 | Sewer    | Found the +14 obsidian axe {vorpal, Mesm Drain Fly SInv}
  3772 | D:3      | Reached XP level 6. HP: 24/32 MP: 12/16
  3993 | D:3      | Found a faded altar of an unknown god.
  4777 | D:4      | Reached skill level 6 in Spellcasting
  5218 | D:4      | Noticed Grinder
  5220 | D:4      | Paralysed by Grinder for 6 turns
  5233 | D:4      | Killed Grinder
  5234 | D:4      | Reached skill level 7 in Spellcasting
  5234 | D:4      | Reached XP level 7. HP: 26/36 MP: 7/19
  5473 | D:4      | Found Kinys's Antique Weapon Shoppe.
  5904 | D:4      | Found a staircase to the Ecumenical Temple.
  5927 | D:4      | Reached skill level 8 in Spellcasting
  6333 | Temple   | Entered the Ecumenical Temple
  6570 | Temple   | Became a worshipper of Vehumet
  6591 | D:5      | Entered Level 5 of the Dungeon
  6853 | D:5      | Reached XP level 8. HP: 41/41 MP: 15/22
  6857 | D:5      | Learned a level 3 spell: Dazzling Flash
  6862 | D:5      | Learned a level 4 spell: Fulminant Prism
  7305 | D:5      | Noticed Blork the orc
  7315 | D:5      | Killed Blork the orc
  7316 | D:5      | Reached skill level 1 in Evocations
  7594 | D:5      | Noticed Pikel
  7611 | D:5      | Killed Pikel
  7612 | D:5      | Reached skill level 9 in Spellcasting
  7612 | D:5      | Reached skill level 1 in Hexes
  8371 | D:6      | Reached skill level 10 in Spellcasting
  8417 | D:6      | Reached XP level 9. HP: 28/45 MP: 4/25
  9086 | D:6      | Found a large runed translucent door.
  9086 | D:6      | Found a large runed translucent door.
  9272 | D:6      | Found a blossoming altar of Fedhas.
  9289 | D:6      | Found a shadowy altar of Dithmenos.
  9296 | D:6      | Reached * piety under Vehumet
  9296 | D:6      | Offered knowledge of Shock by Vehumet.
  9343 | D:6      | Learned a level 1 spell: Shock
  9967 | D:7      | Reached skill level 10 in Conjurations
 10059 | D:7      | Paralysed by a hornet for 2 turns
 10063 | D:7      | Reached skill level 11 in Spellcasting
 10636 | D:7      | Reached skill level 5 in Dodging
 10936 | D:8      | Reached skill level 1 in Air Magic
 11308 | D:8      | Reached XP level 10. HP: 50/50 MP: 22/27
 11351 | D:8      | Reached skill level 5 in Evocations
 11650 | D:8      | Reached skill level 12 in Spellcasting
 11718 | D:8      | Noticed a manticore
 11739 | D:8      | Killed a manticore
 12071 | D:8      | Found a staircase to the Lair.
 12088 | D:8      | Reached ** piety under Vehumet
 12088 | D:8      | Offered knowledge of Foxfire by Vehumet.
 12170 | D:8      | Learned a level 1 spell: Foxfire
 12409 | Lair:1   | Entered Level 1 of the Lair of Beasts
 12470 | Lair:1   | Noticed Nergalle
 12499 | Lair:1   | Killed Nergalle
 12956 | Lair:1   | Reached skill level 1 in Fire Magic
 13087 | Lair:1   | Reached skill level 13 in Spellcasting
 13278 | Lair:1   | Noticed a cane toad
 13326 | Lair:1   | Killed a cane toad
 13327 | Lair:1   | Reached XP level 11. HP: 51/54 MP: 25/30
 13463 | Lair:1   | Noticed Urug
 13482 | Lair:1   | Killed by an exploding fulminant prism

Illustrated notes

Levels and vault maps discovered:
D:1:      evilmike_arrival_crescent, layout_basic, amcnicky_mini_pool_small,
          minmay_misc_feat_secret_circle
D:2:      layout_loops_ring, basic_altar, minivault_14, uniq_robin
D:3:      layout_basic, serial_glass, glass_columns_c, glass_columns_c,
          shapermc_ecumenical_altar_gd, gup_sewer_entry_bubbles
D:4:      layout_basic, temple_fountains, serial_glass, glass_columns_c,
          glass_columns_a, glass_columns_a, glass_columns_b, serial_shops, shop,
          small_statue_intersection, uniq_grinder
D:5:      layout_basic, nrook_loot_triangle, kennysheep_windowed_goal,
          uniq_pikel, uniq_blork_the_orc
D:6:      layout_basic, jmf_multi_god_temple2
D:7:      layout_rooms, nicolae_underground_beach
D:8:      layout_rooms, david_lair_shrubbed, minmay_fire_ice_demons
D:9:      layout_irregular_city, mainiacjoe_overflow_six_doors_small
Temple:   hc_temple_tempest_star
Lair:1:   layout_layer_cave, grunt_megastairs_5, uniq_urug, uniq_nergalle

Skill      XL: |  1  2  3  4  5  6  7  8  9 10 |
---------------+-------------------------------+-----
Conjurations   | 5 6 7 8 9 10 11 | 11.4
Spellcasting   | 4 5 7 8 10 11 13 | 13.0
Slings         | 1 |  1.2
Dodging        | 3 4 5 6 |  6.3
Evocations     | 3 4 6 |  6.5
Hexes          | 1 2 3 |  3.0
Air Magic      | 1 3 |  3.6
Fire Magic     | 1 |  1.6
Stealth        | |  2.4

Action                   |  1- 3 |  4- 6 |  7- 9 | 10-12 || total
-------------------------+-------+-------+-------+-------++-------
Melee: Dagger            |     4 |       |       |       ||     4
 Fire: Hunting sling     |     9 |     6 |       |       ||    15
 Cast: Magic Dart        |    59 |   113 |    69 |     1 ||   242
       Searing Ray       |     2 |    30 |    55 |    15 ||   102
       Fulminant Prism   |       |       |     7 |    10 ||    17
       Dazzling Flash    |       |       |     3 |     8 ||    11
       Shock             |       |       |    61 |   105 ||   166
       Foxfire           |       |       |       |    19 ||    19
  Use: Potion            |       |       |       |     6 ||     6
Armor: Robe              |     1 |     3 |    44 |       ||    48
       Steam dragon scal |       |       |     5 |    45 ||    50
Dodge: Dodged            |    13 |    14 |    75 |   110 ||   212
